 Dungeon Crawl Stone Soup version 0.17-a0-484-g0e03f6a (webtiles) character file.

526 Leibowitz the Poker (level 6, -5/51 HPs)
             Began as a Demigod Gladiator on Apr 11, 2015.
             Slain by Duvessa
             ... wielding a +4 short sword
              (6 damage)
             ... on level 5 of the Dungeon.
             The game lasted 00:12:03 (3892 turns).

Leibowitz the Poker (Demigod Gladiator)             Turns: 3892, Time: 00:12:03

Health: -5/51      AC:  8    Str: 20    XL:     6   Next: 71%
Magic:  17/17      EV: 12    Int: 12    God:
Gold:   269        SH:  0    Dex: 18    Spells: 0 memorised, 5 levels left

rFire  . . .     SeeInvis .     a - +0 trident
rCold  . . .     Clarity  +     r - +0 scale mail
rNeg   . . .     SustAb   +     (no shield)
rPois  +         Gourm    .     c - +0 helmet
rElec  .         Spirit   .     m - +0 cloak
rCorr  .         Warding  .     (no gloves)
rMut   .         Stasis   .     (no boots)
MR     .....                    x - amulet of clarity
Stlth  +.........               q - ring of magical power
                                g - ring of poison resistance

@: not resistant to hostile enchantments, very unstealthy
A: high mp 1, sustain abilities
a: no special abilities


You were on level 5 of the Dungeon.
You were not hungry.

You visited 1 branch of the dungeon, and saw 5 of its levels.

You collected 269 gold pieces.

Inventory:

Hand weapons
 a - a +0 trident (weapon)
Missiles
 d - 2 throwing nets (quivered)
 n - 7 poisoned needles
Armour
 c - a +0 helmet (worn)
 m - a +0 cloak (worn)
 r - a +0 scale mail (worn)
Jewellery
 g - a ring of poison resistance (left hand)
 q - a ring of magical power (right hand)
 x - an amulet of clarity (around neck)
Magical devices
 i - a wand of flame (0)
Scrolls
 b - a scroll of random uselessness {unknown}
 e - a scroll of magic mapping {unknown}
 h - 2 scrolls of fear {unknown}
 j - 6 scrolls of identify
 k - 2 scrolls of remove curse
 l - a scroll of fog {unknown}
 o - a scroll of amnesia {unknown}
 s - 2 scrolls of recharging
 t - 2 scrolls of enchant armour {unknown}
Potions
 v - 2 potions of agility
 w - a potion of lignification
Books
 u - a book of Beasts

   Spells                             Type                      Level
   a - Summon Butterflies             Summoning                    1
   b - Call Canine Familiar           Summoning                    3
   c - Summon Ice Beast               Ice/Summoning                4
   d - Summon Mana Viper              Hexes/Summoning              5
   e - Monstrous Menagerie            Summoning                    6
   f - Summon Hydra                   Summoning                    7
Comestibles
 f - 2 bread rations
 p - a meat ration
 z - a chunk of flesh
 A - a slice of pizza


   Skills:
 + Level 3.2 Fighting
 + Level 4.4 Polearms
 + Level 2.0 Throwing
 + Level 2.7 Armour
 + Level 4.4 Dodging
 + Level 1.1 Stealth


You had 5 spell levels left.
You didn't know any spells.

Dungeon Overview and Level Annotations

Branches:
Dungeon (5/15)
 Temple: D:4-7

Shops:
D:5 =

Annotations:
D:5 Duvessa


Innate Abilities, Weirdness & Mutations

You have an increased reservoir of magic (+10% MP).
Your attributes are resistant to harm.


Message History

Duvessa is caught in the net!
Duvessa is lightly wounded.
Duvessa struggles against the net.
You hit Duvessa.
Duvessa is lightly wounded.
Duvessa struggles against the net. x2
The net rips apart, and Duvessa comes free!
Read which item? (? for menu, Esc to quit)
As you read the scroll labeled REARIL ZAIRHE, it crumbles to dust.
You feel as if something is helping you.
It was a scroll of remove curse.
Duvessa hits you with an enchanted short sword.
* * * LOW HITPOINT WARNING * * *
Read which item? (? for menu, Esc to quit)
As you read the scroll labeled KYUSEKU APPONU, it crumbles to dust.
It is a scroll of identify.
Identify which item? (\ to view known items) (? for menu, Esc to quit)
s - 2 scrolls of recharging Duvessa hits you with an enchanted short sword.
You die...

#####..#.######
#.............#
#.#.#.##.####.#
... #.# ... #.#
_ #.#####
#.....# #####.#
#@# #e# #K# .w#
.#. #. # #. #.
.


You could see Duvessa (berserk), a worm and a kobold.

Vanquished Creatures
  A phantom (D:5)
  Dowan (D:5)
  A crimson imp (D:5)
  A hound (D:4)
  A centaur skeleton (D:4)
  A giant frog skeleton (D:4)
  3 worker ants (D:4)
  4 gnolls (D:3)
  6 adders
  3 worms
  An adder skeleton (D:5)
  7 giant geckos
  An ooze (D:2)
  4 orcs (D:4)
  3 ball pythons
  10 bats
  3 giant cockroaches
  10 goblins
  11 hobgoblins
  4 quokkas
  A giant gecko skeleton (D:4)
  3 giant newts
  A jackal zombie (D:5)
  8 kobolds
  4 rats
93 creatures vanquished.

Notes
Turn   | Place    | Note
--------------------------------------------------------------
     0 | D:1      | Leibowitz, the Demigod Gladiator, began the quest for the Orb.
     0 | D:1      | Reached XP level 1. HP: 17/17 MP: 3/3
     2 | D:1      | Noticed a tengu
     4 | D:1      | Noticed a vine stalker
     4 | D:1      | Noticed a gargoyle
     6 | D:1      | Noticed a dwarf
     6 | D:1      | Noticed a ghoul
     8 | D:1      | Noticed a naga
     8 | D:1      | Noticed a human
    10 | D:1      | Noticed an ogre
    10 | D:1      | Noticed a demonspawn
    12 | D:1      | Noticed a draconian
    12 | D:1      | Noticed a formicid
    14 | D:1      | Noticed a demigod
    16 | D:1      | Noticed an elf
    18 | D:1      | Noticed a troll
    18 | D:1      | Noticed a minotaur
    20 | D:1      | Noticed an octopode
    20 | D:1      | Noticed a felid
    22 | D:1      | Noticed a vampire
    24 | D:1      | Noticed a merfolk
    26 | D:1      | Noticed a spriggan
    26 | D:1      | Noticed a centaur
   185 | D:1      | Reached XP level 2. HP: 24/24 MP: 4/4
   277 | D:1      | Reached skill level 3 in Polearms
  1005 | D:2      | Reached XP level 3. HP: 29/29 MP: 5/5
  1818 | D:2      | Reached skill level 1 in Armour
  1818 | D:2      | Reached XP level 4. HP: 24/37 MP: 6/6
  2975 | D:4      | Reached XP level 5. HP: 38/42 MP: 7/7
  3043 | D:4      | Found a white marble altar of Elyvilon.
  3249 | D:4      | Reached skill level 4 in Polearms
  3297 | D:4      | Reached skill level 1 in Stealth
  3297 | D:4      | Reached XP level 6. HP: 35/50 MP: 8/8
  3541 | D:5      | Entered Level 5 of the Dungeon
  3545 | D:5      | Found a burning altar of Makhleb.
  3546 | D:5      | Found a radiant altar of Vehumet.
  3801 | D:5      | Found Ohulakh's Jewellery Shoppe.
  3859 | D:5      | Found a blossoming altar of Fedhas.
  3869 | D:5      | Noticed Dowan
  3870 | D:5      | Noticed Duvessa
  3886 | D:5      | Killed Dowan
  3891 | D:5      | HP: 1/51 [Duvessa/enchanted short sword (3)]
  3892 | D:5      | Slain by Duvessa

Action                   |  1- 3 |  4- 6 || total
-------------------------+-------+-------++-------
Melee: Trident           |   151 |   224 ||   375
Throw: Throwing net      |       |     2 ||     2
  Use: Potion            |     6 |     3 ||     9
       Scroll            |       |     2 ||     2
 Stab: Sleeping          |     3 |       ||     3
  Eat: Chunk             |     3 |     8 ||    11
